 Dungeon Crawl Stone Soup version 0.19-GnollCrawlA-1-g03664ee (webtiles) character file.

338 Khashishi the Cutter (level 1, -5/15 HPs)
             Began as a Halfling Berserker on Mar 9, 2018.
             Was a Believer of Trog.
             Slain by a gnoll
             ... wielding a +0 flail
              (10 damage)
             ... on level 2 of the Dungeon.
             The game lasted 00:12:36 (1665 turns).

Khashishi the Cutter (Halfling Berserker)           Turns: 1665, Time: 00:12:37

Health: -5/15      AC:  5    Str: 17    XL:     1   Next: 0%
Magic:  1/1        EV: 13    Int:  6    God:    Trog [**....]
Gold:   59         SH:  0    Dex: 13    Spells: 0 memorised, 0 levels left

rFire  . . .     SeeInvis .     i - +2 whip (elec)
rCold  . . .     Gourm    .     g - +0 ring mail
rNeg   . . .     Faith    .     (shield restricted)
rPois  .         Spirit   .     (no helmet)
rElec  .         Dismiss  .     (no cloak)
rCorr  .         Reflect  .     (no gloves)
SustAt .         Harm     .     (no boots)
MR     ++...                    (no amulet)
Stlth  +.........               (no ring)
                                (no ring)

@: very slightly contaminated, regenerating
A: mutation resistance 1
a: Berserk, Trog's Hand, Burn Spellbooks, Renounce Religion


You were on level 2 of the Dungeon.
You worshipped Trog.
Trog was pleased with you.
You were not hungry.

You visited 2 branches of the dungeon, and saw 3 of its levels.

You collected 59 gold pieces.

Inventory:

Hand Weapons
 a - a +0 short sword
 i - a +2 whip of electrocution (weapon)
 m - a +0 hunting sling
 o - a cursed -3 whip
Missiles
 f - 81 stones (quivered)
Armour
 g - a +0 ring mail (worn)
Scrolls
 d - a scroll of teleportation {unknown}
 e - a scroll of fog {unknown}
 h - a scroll of immolation {unknown}
 k - a scroll of amnesia {unknown}
 l - a scroll of remove curse {unknown}
Potions
 b - 2 potions of might {unknown}
Comestibles
 c - 2 bread rations
 j - a beef jerky
 n - 20 chunks of flesh


   Skills:
 + Level 2.6 Fighting
 + Level 4.0 Short Blades
 + Level 2.1 Armour
 + Level 2.1 Dodging


You couldn't memorise any spells.
You didn't know any spells.

Dungeon Overview and Level Annotations

Branches:
Dungeon (2/15)             Temple (1/1) D:2

Altars:
Ashenzari
Cheibriados
Elyvilon
Fedhas
Gozag
Hepliaklqana
Kikubaaqudgha
Makhleb
Nemelex Xobeh
Pakellas
Qazlal
Ru
Uskayaw
Vehumet
Yredelemnul
Zin
The Shining One


Innate Abilities, Weirdness & Mutations

You are small and have problems with some larger weapons.
You are somewhat resistant to further mutation.


Message History

You feel a strong urge to attack something.
Found a hunting sling.
Found a stone staircase leading down.
You feel your anger subside.
You are no longer berserk.
You are exhausted.
You feel yourself slow down.
Your extra speed is starting to run out.
There is a stone staircase leading down here.
You feel yourself slow down.
You start resting.
You feel yourself speed up.
You feel less exhausted.
A gnoll comes into view. It is wielding a flail.
The gnoll shouts!
You hit the gnoll but do no damage. The gnoll hits you with a flail.
* * * LOW HITPOINT WARNING * * *
Your skin crawls.
You feel resistant to hostile enchantments.
The gnoll hits you with a flail!
Ouch! That really hurt!
You die...

#..>#...#
#.#####.#
#...#...#
###.#.### .
#.......##.
#.##.##.#.
#.##.#
..###
#.##.. ....
#@#####..#
#g#####.#
#.......#
#########


You could see a gnoll.

Vanquished Creatures
  34 gnolls
34 creatures vanquished.

Notes
Turn   | Place    | Note
-------+----------+-------------------------------------------
     0 | D:1      | Khashishi the Halfling Berserker began the quest for the Orb.
     0 | D:1      | Reached XP level 1. HP: 15/15 MP: 1/1
   113 | D:1      | Found a snail-covered altar of Cheibriados.
   819 | D:1      | HP: 1/22 [gnoll/flail (9)]
  1267 | D:2      | Found a glowing silver altar of Zin.
  1273 | D:2      | Found an oddly glowing altar of Pakellas.
  1273 | D:2      | Found a burning altar of Makhleb.
  1284 | D:2      | Found a sparkling altar of Nemelex Xobeh.
  1288 | D:2      | Found an ancient bone altar of Kikubaaqudgha.
  1325 | D:2      | Found a staircase to the Ecumenical Temple.
  1337 | Temple   | Entered the Ecumenical Temple
  1441 | D:2      | Found a sacrificial altar of Ru.
  1491 | D:2      | Reached ** piety under Trog
  1665 | D:2      | Slain by a gnoll

Action                   || total
-------------------------++-------
Melee: Short sword       ||    76
       Whip              ||    49
Invok: Berserk           ||    19
       Trog's Hand       ||     2
  Use: Potion            ||     1
Armor: Ring mail         ||     8
Dodge: Dodged            ||    58
